 Dungeon Crawl Stone Soup version 0.30-a0-782-ge64f9170bb (webtiles) character file.

Game seed: 5044504220158018838

11808 Crownlay the Grappler (level 11, -8/111 HPs)
             Began as a Troll Fighter on Mar 16, 2023.
             Was a Believer of Wu Jian.
             Mangled by a sixfirhy (12 damage)
             ... in a Gauntlet.
             The game lasted 00:20:50 (8187 turns).

Crownlay the Grappler (Troll Fighter)               Turns: 8187, Time: 00:20:50

Health: -8/111     AC:  6    Str: 32    XL:     11   Next: 54%
Magic:  10/10      EV: 10    Int:  8    God:    Wu Jian [**....]
Gold:   654        SH: 10    Dex:  9    Spells: 4/10 levels left

rFire   . . .      SeeInvis .      - Unarmed
rCold   + . .      Faith    .    b - +0 kite shield
rNeg    . . .      Spirit   .    Q - +0 troll leather armour
rPois   .          Reflect  .    (helmet restricted)
rElec   .          Harm     .    (no cloak)
rCorr   .          Rampage  .    (gloves unavailable)
Will    .....      NoTele   +    (boots unavailable)
Stlth   +                        E - amulet of regeneration
HPRegen 2.78/turn                z - +6 ring of strength
MPRegen 0.12/turn                o - ring of protection from cold

@: mighty, invisible
A: large, unfitting armour, claws 3, regeneration 1, shaggy fur 1, tough skin 1
a: Renounce Religion, Wall Jump


You were in a Gauntlet.
You worshipped Wu Jian.
Wu Jian was pleased with you.
You visited 2 branches of the dungeon, and saw 12 of its levels.
You also visited: Ossuary and Gauntlet.

You collected 654 gold pieces.

Inventory:

Missiles
 a - 6 silver boomerangs
 p - 19 poisoned darts (quivered)
 H - 4 atropa-tipped darts
 I - 12 boomerangs
 J - a throwing net
 S - 6 curare-tipped darts
Armour
 b - a +0 kite shield (worn)
 P - a +1 robe of willpower
 Q - a +0 troll leather armour (worn)
Jewellery
 o - a ring of protection from cold (right claw)
 z - a +6 ring of strength (left claw)
 E - an amulet of regeneration (around neck)
 M - a ring of fire
 R - an amulet of magic regeneration
Wands
 q - a wand of flame (42)
 F - a wand of polymorph (2)
 O - a wand of acid (4)
Scrolls
 e - 2 scrolls of enchant weapon
 f - 3 scrolls of noise
 g - 9 scrolls of teleportation
 h - a scroll of torment {unknown}
 s - 2 scrolls of immolation {unknown}
 v - a scroll of brand weapon {unknown}
 x - 3 scrolls of fear
 y - 3 scrolls of amnesia
 B - 3 scrolls of magic mapping
 C - 2 scrolls of enchant armour
 D - a scroll of blinking {unknown}
 G - 2 scrolls of vulnerability {unknown}
 L - a scroll of fog {unknown}
 N - a scroll of poison {unknown}
Potions
 d - 3 potions of attraction
 i - 2 potions of curing
 j - 2 potions of berserk rage
 k - 3 potions of cancellation
 l - a potion of invisibility
 m - a potion of brilliance {unknown}
 n - 2 potions of haste {unknown}
 r - a potion of magic {unknown}
 t - 3 potions of heal wounds {unknown}
 u - 3 potions of flight {unknown}
 w - 2 potions of ambrosia {unknown}
 A - 3 potions of lignification {unknown}
 K - 2 potions of mutation {unknown}


   Skills:
 + Level 7.8 Fighting
 + Level 5.9 Dodging
 + Level 8.5 Shields
 * Level 12.4 Unarmed Combat


You had 4 spell levels left.
You knew the following spells:

 Your Spells              Type           Power      Damage    Failure   Level
a - Statue Form           Tmut/Erth      0%         N/A       100%        6

Your spell library contained the following spells:

 Spells                   Type           Power      Damage    Failure   Level
 Apportation              Tloc           0%         N/A       67%         1
 Kiss of Death            Conj/Necr      0%         2d5       67%         1
 Necrotise                Necr           0%         1d4       67%         1
 Sting                    Tmut/Pois      0%         1d3       67%         1
 Summon Small Mammal      Summ           0%         N/A       67%         1
 Poisonous Vapours        Pois/Air       0%         N/A       82%         2
 Confusing Touch          Hex            0%         N/A       96%         3
 Gell's Gravitas          Tloc           0%         N/A       96%         3
 Teleport Other           Tloc           0%         N/A       96%         3
 Dispel Undead            Necr           0%         3d6       100%        4
 Olgreb's Toxic Radiance  Pois           0%         N/A       100%        4
 Petrify                  Tmut/Erth      0%         N/A       100%        4
 Metabolic Englaciation   Hex/Ice        0%         N/A       100%        5
 Yara's Violent Unravell  Hex/Tmut       0%         3d3       100%        5
 Dispersal                Tloc           0%         N/A       100%        6
 Enfeeble                 Hex            0%         N/A       100%        7


Dungeon Overview and Level Annotations

Branches:
Dungeon (11/15)            Temple (1/1) D:6            Lair (0/5) D:11
    Orc (0/2) D:9         Ossuary (visited)         Gauntlet (1/1)

Altars:
Ashenzari
Dithmenos
Elyvilon
Fedhas
Gozag
Makhleb
Nemelex Xobeh
Qazlal
Ru
Sif Muna
Trog
Uskayaw
Vehumet
Wu Jian
Xom
Yredelemnul
Zin

Shops:
D:8 *   D:9 *

Annotations:
D:11 Erolcha Gauntlet 7 transporters, 7 runed translucent doors


Innate Abilities, Weirdness & Mutations

You are too large for most types of armour.
You have claws for hands.
Your natural rate of healing is unusually fast.
You are covered in fur. (AC +1)
You have tough skin. (AC +1)


Message History

* * * LOW HITPOINT WARNING * * *
You block the ufetubus's attack. The ufetubus completely misses you.
The ufetubus closely misses you.
The ufetubus hits you but does no damage.
You miss the sixfirhy.
The sixfirhy is moderately wounded.
You block the ufetubus's attack. The ufetubus barely misses you.
You block the ufetubus's attack. The ufetubus barely misses you.
You scratch the sixfirhy but do no damage.
The sixfirhy is moderately wounded.
The ufetubus barely misses you. You block the ufetubus's attack.
The ufetubus closely misses you.
The ufetubus hits you but does no damage.
The ufetubus closely misses you. The ufetubus barely misses you.
You miss the sixfirhy.
The sixfirhy is moderately wounded.
The sixfirhy hits you.
* * * LOW HITPOINT WARNING * * *
The sixfirhy shocks you!
* * * LOW HITPOINT WARNING * * *
The ufetubus hits you.
* * * LOW HITPOINT WARNING * * *
You block the ufetubus's attack. You block the sixfirhy's attack.
The ufetubus hits you but does no damage.
The ufetubus closely misses you.
You catch the helpless sixfirhy completely off-guard!
You scratch the sixfirhy.
The sixfirhy is moderately wounded.
The sixfirhy barely misses you. x2; The sixfirhy hits you.
* * * LOW HITPOINT WARNING * * *
The sixfirhy shocks you!
* * * LOW HITPOINT WARNING * * *
The ufetubus closely misses you. x2
The ufetubus hits you but does no damage.
The ufetubus misses you. You block the sixfirhy's attack.
You feel very mighty all of a sudden. The sixfirhy hits you.
* * * LOW HITPOINT WARNING * * *
The sixfirhy shocks you!
You die...

############################
..........................≈###
...........................#8#
###########...###########..###
#....§)...#.8.#....#..#(#..#
#.........#...#...#..#.[#..###
#..#+++#..#####..#..#..##..#8#
#''#...#''#...#5#..#..#.#..###
#..)...'..#©.©##@5#..#.©#..#
#..)...'..#...#3#5.#..#.#..###
#''#'#'#++#####..#..#..##..#8#
#..'...+..#...#...#..#..#..###
#..'.©.+..#...#....#..#.#..#
###########...###########..###
...#.©.#....≈....#.©.#.....#8#
.8.#...#.8.≈8≈.8.#...#.8...###
...#.©.#....≈....#.©.#.....#


You could see a sixfirhy (unable to see you) and 3 ufetubi.

Vanquished Creatures
  A catoblepas (Gauntlet)
  Erica (D:8)
  2 two-headed ogres
  A cyclops (D:11)
  2 gargoyles (Gauntlet)
  A torpor snail (Gauntlet)
  An unseen horror (D:9)
  A kobold demonologist (D:11)
  A troll (D:9)
  A shadow (D:10)
  A wraith (D:10)
  15 yaks
  Menkaure (D:4)
  A steam dragon (D:7)
  Duvessa (D:5)
  4 orc warriors
  2 black bears
  3 sky beasts
  4 wolves (Gauntlet)
  5 ogres
  6 centaurs
  2 phantoms (D:4)
  A kobold brigand (D:9)
  5 bullfrogs
  2 scorpions (D:6)
  An elf zombie (Ossuary)
  10 wights
  Dowan (D:5)
  A howler monkey (D:9)
  An electric eel (D:10)
  4 jellies
  5 hounds
  A gnoll bouda (D:6)
  6 orc priests
  Natasha (thrice) (D:2)
  2 iguanas
  16 orc wizards
  4 mummies
  5 gnolls (D:6)
  7 adders
  2 white imps
  3 ufetubi
  3 adder zombies (Ossuary)
  A dart slug (D:3)
  40 orcs
  6 endoplasms
  2 giant cockroaches
  8 goblins
  11 hobgoblins
  A jackal (D:4)
  5 kobolds
  A quokka (D:4)
  4 ball pythons
  5 bats
  A frilled lizard (D:1)
  3 goblin zombies (Ossuary)
  3 hobgoblin zombies (Ossuary)
  2 kobold zombies (Ossuary)
  3 quokka zombies (Ossuary)
  2 rats (D:1)
  3 rat zombies (Ossuary)
241 creatures vanquished.

Vanquished Creatures (others)
  14 demonic plants (Gauntlet)
  5 fungi
  16 plants
35 creatures vanquished.

Grand Total: 276 creatures vanquished

Notes
Turn   | Place    | Note
-------+----------+-------------------------------------------
     0 | D:1      | Crownlay the Troll Fighter began the quest for the Orb.
     0 | D:1      | Reached XP level 1. HP: 22/22 MP: 0/0
   182 | D:1      | Reached XP level 2. HP: 29/29 MP: 1/1
   574 | D:2      | Reached XP level 3. HP: 32/36 MP: 2/2
   604 | D:2      | Found a faded altar of an unknown god.
   720 | D:2      | Noticed Natasha
   726 | D:2      | Killed Natasha
   727 | D:2      | Reached skill level 3 in Unarmed Combat
   768 | D:2      | Noticed Natasha
   772 | D:2      | Killed Natasha
   773 | D:2      | Reached XP level 4. HP: 41/45 MP: 3/3
   794 | D:2      | Noticed Natasha
   802 | D:2      | Killed Natasha
  1456 | D:3      | Reached XP level 5. HP: 53/53 MP: 4/4
  1470 | D:3      | Reached skill level 4 in Unarmed Combat
  1576 | D:4      | Found a sand-covered staircase.
  1584 | Ossuary  | Entered an ossuary
  1590 | Ossuary  | Reached XP level 6. HP: 61/61 MP: 5/5
  1652 | Ossuary  | Reached skill level 5 in Unarmed Combat
  1871 | D:4      | Noticed Menkaure
  1873 | D:4      | Killed Menkaure
  1874 | D:4      | Reached XP level 7. HP: 68/68 MP: 6/6
  1918 | D:4      | Reached skill level 6 in Unarmed Combat
  2504 | D:5      | Entered Level 5 of the Dungeon
  2607 | D:5      | Reached skill level 5 in Shields
  2607 | D:5      | Reached XP level 8. HP: 54/79 MP: 7/7
  2613 | D:5      | Reached skill level 7 in Unarmed Combat
  2835 | D:5      | Noticed Dowan
  2836 | D:5      | Noticed Duvessa
  2869 | D:5      | Killed Duvessa
  2892 | D:5      | Killed Dowan
  2953 | D:5      | Reached skill level 5 in Fighting
  3178 | D:6      | Reached skill level 8 in Unarmed Combat
  3377 | D:6      | Reached XP level 9. HP: 11/88 MP: 8/8
  3470 | D:6      | Reached skill level 9 in Unarmed Combat
  3603 | D:6      | Found a staircase to the Ecumenical Temple.
  3613 | Temple   | Entered the Ecumenical Temple
  3623 | Temple   | Became a worshipper of the Wu Jian Council
  4702 | D:7      | Reached * piety under Wu Jian
  5431 | D:8      | Reached skill level 10 in Unarmed Combat
  5482 | D:8      | Found a shimmering blue altar of Sif Muna.
  5679 | D:8      | Noticed Erica
  5699 | D:8      | Killed Erica
  5700 | D:8      | Reached XP level 10. HP: 39/100 MP: 9/9
  5820 | D:8      | Found Gozag's Platinum Reserve.
  5858 | D:8      | Found an opulent altar of Gozag.
  6319 | D:9      | Found a stormy altar of Qazlal.
  6435 | D:9      | Found a bloodstained altar of Trog.
  6457 | D:9      | Reached ** piety under Wu Jian
  6495 | D:9      | Found a staircase to the Orcish Mines.
  6590 | D:9      | Reached skill level 11 in Unarmed Combat
  6646 | D:9      | Found Vozuruar's Mass Market.
  6868 | D:10     | Entered Level 10 of the Dungeon
  6913 | D:9      | Reached skill level 5 in Dodging
  6964 | D:10     | Identified the +5 spear "Ziwnudoney" {protect, MP+9 Str+4
                  | Dex-2}
  7003 | D:10     | Reached XP level 11. HP: 107/109 MP: 10/10
  7077 | D:10     | Noticed a two-headed ogre
  7088 | D:10     | Killed a two-headed ogre
  7132 | D:10     | Found a hide-covered altar of Uskayaw.
  7135 | D:10     | Found a radiant altar of Vehumet.
  7138 | D:10     | Found a burning altar of Makhleb.
  7399 | D:10     | Found a white marble altar of Elyvilon.
  7438 | D:10     | Learned a level 6 spell: Statue Form
  7479 | D:11     | Noticed Erolcha
  7492 | D:11     | Found a gate leading to a gauntlet.
  7493 | D:11     | Noticed a two-headed ogre
  7507 | D:11     | Killed a two-headed ogre
  7508 | D:11     | Reached skill level 12 in Unarmed Combat
  7521 | Gauntlet | Entered a Gauntlet
  7521 | Gauntlet | Noticed a quicksilver ooze
  7521 | Gauntlet | Found a transporter.
  7521 | Gauntlet | Found a transporter.
  7521 | Gauntlet | Found a transporter.
  7540 | Gauntlet | Found a transporter.
  7543 | Gauntlet | Found a transporter.
  7550 | Gauntlet | Noticed a tengu warrior
  7556 | Gauntlet | Found a transporter.
  7558 | Gauntlet | Found a large runed translucent door.
  7559 | Gauntlet | Found a large runed translucent door.
  7559 | Gauntlet | Noticed a sixfirhy
  7560 | Gauntlet | Found a large runed translucent door.
  7560 | Gauntlet | Found a large runed translucent door.
  7560 | Gauntlet | Found a runed translucent door.
  7571 | Gauntlet | Noticed a death yak
  7572 | Gauntlet | Noticed a death yak
  7573 | Gauntlet | Found a transporter.
  7575 | Gauntlet | Noticed a death yak
  7595 | Gauntlet | Found a transporter.
  7612 | Gauntlet | Found a transporter.
  7616 | Gauntlet | Found a large runed translucent door.
  7617 | Gauntlet | Found a large runed translucent door.
  7618 | Gauntlet | Found a large runed translucent door.
  7618 | Gauntlet | Found a large runed translucent door.
  7619 | Gauntlet | Found a runed translucent gate.
  7620 | Gauntlet | Found a transporter.
  7620 | Gauntlet | Found a runed translucent gate.
  7621 | Gauntlet | Found a runed translucent gate.
  7622 | Gauntlet | Found a large runed translucent door.
  7622 | Gauntlet | Found a large runed translucent door.
  7622 | Gauntlet | Noticed a catoblepas
  7623 | Gauntlet | Found a large runed translucent door.
  7624 | Gauntlet | Found a large runed translucent door.
  7633 | Gauntlet | Found a large runed translucent door.
  7633 | Gauntlet | Found a large runed translucent door.
  7633 | Gauntlet | Found a runed translucent door.
  7634 | Gauntlet | Found a large runed translucent door.
  7635 | Gauntlet | Found a large runed translucent door.
  7637 | Gauntlet | Found a transporter.
  7689 | Gauntlet | Found a transporter.
  8159 | Gauntlet | Killed a catoblepas
  8186 | Gauntlet | HP: 5/111 [sixfirhy (12)]
  8187 | Gauntlet | Mangled by a sixfirhy

Illustrated notes

Levels and vault maps discovered:
D:1:      amcnicky_arrival_single_pillar, layout_rooms,
          minmay_misc_feat_hallway, minmay_misc_feat_iff, hangedman_decor_push,
          lemuel_flame_loot_1
D:2:      layout_basic, ebering_ecumenical_altar_sacrificial,
          minmay_tiny_reverse_x, uniq_natasha
D:3:      layout_rooms
D:4:      layout_basic, gup_ossuary_entry_pyramid, minmay_starry_boxes,
          uniq_menkaure
D:5:      layout_rooms, uniq_duvessa
D:6:      layout_loops_ring, minmay_temple_entry_mist, minmay_pentangle
D:7:      layout_layer_cave, corexii_hall_statues_deadend
D:8:      layout_loops_ring, lemuel_crystal_altar,
          nicolae_gozag_zags_fifth_avenue, uniq_erica
D:9:      layout_roguey, trog_hazing_becter, grunt_qazlal_sundering,
          orc_0_dummy, minmay_shop_mass
D:10:     layout_big_octagon, nicolae_elyvilon_temple_path,
          grunt_temple_overflow_diamond
D:11:     layout_cave_pools, grunt_lair_entry_orc_guard_hut,
          gauntlet_entry_generic, uniq_erolcha
Temple:   nicolae_temple_two_arcs
Gauntlet: gammafunk_gauntlet_shortcut [nicolae_gauntlet_arena_flowing_pool,
          gammafunk_gauntlet_arena_crates, gammafunk_gauntlet_arena_teeth,
          minmay_gauntlet_arena_make_your_own_arena,
          gammafunk_gauntlet_arena_arrow_garden, gammafunk_gauntlet_arena_mazey,
          gauntlet_exit_green]

Skill      XL: |  1  2  3  4  5  6  7  8  9 10 11 |
---------------+----------------------------------+-----
Shields        | 3 4 5 6 7 8 |  8.5
Unarmed Combat | 3 4 5 6 8 10 11 12 | 12.4
Fighting       | 3 4 5 6 7 |  7.8
Dodging        | 4 5 |  5.9

Action                     |  1- 3 |  4- 6 |  7- 9 | 10-12 || total
---------------------------+-------+-------+-------+-------++-------
  Melee: Unarmed           |    60 |   157 |   372 |   238 ||   827
  Throw: Dart              |       |     4 |    15 |    13 ||    32
Ability: Lunge             |       |       |     9 |     8 ||    17
         Whirlwind         |       |       |       |    11 ||    11
  Evoke: Wand              |       |       |       |     2 ||     2
    Use: Scroll            |       |     4 |     7 |     3 ||    14
         Potion            |       |       |     1 |     2 ||     3
   Stab: Sleeping          |       |       |       |     1 ||     1
         Invisible         |       |       |       |     2 ||     2
 Armour: Robe              |    19 |    29 |    76 |    20 ||   144
         Troll leather arm |       |       |       |    33 ||    33
  Dodge: Dodged            |    15 |    54 |   108 |   101 ||   278
  Block: Kite shield       |    22 |    58 |   119 |   118 ||   317

Table legend: (Time is in decaauts)
 A = Elapsed time spent in this place.
 B = Non-inter-level travel time spent in this place.
 C = Inter-level travel time spent in this place.
 D = Time resting spent in this place.
 E = Time spent auto-exploring this place.
 F = Levels seen in this place.
 G = Mean time per level.
                   A        B        C        D        E       F      G
               +--------+--------+--------+--------+--------+-----+--------+
         Total |   8200 |   7782 |    418 |      0 |   5449 |  14 |  585.7 |
       Dungeon |   7334 |   6923 |    411 |      0 |   5218 |  11 |  666.7 |
        Temple |     18 |     11 |      7 |      0 |      0 |   1 |   18.0 |
       Ossuary |    185 |    185 |      0 |      0 |     78 |   1 |  185.0 |
      Gauntlet |    662 |    662 |      0 |      0 |    153 |   1 |  662.0 |
               +--------+--------+--------+--------+--------+-----+--------+

Top non-repeatable levels by time:
     D:7: 1281 daAuts
     D:6: 982 daAuts
     D:8: 863 daAuts
     D:4: 835 daAuts
     D:9: 666 daAuts
Gauntlet: 662 daAuts
     D:2: 640 daAuts
     D:5: 570 daAuts
    D:10: 541 daAuts
     D:1: 532 daAuts
     D:3: 380 daAuts
 Ossuary: 185 daAuts
    D:11: 39 daAuts
  Temple: 18 daAuts
